AoeStats
← Zulks

Arena

511176647Analyzed
3v3 RM · 13d ago on Oct 4, 2026· 41m 23s· 6 players
Game mode
Random Map
Map size
Normal (6 player)
Population
200
Speed
Normal
Resources
Standard
Victory
Conquest
Starting age
Dark Age
Ending age
Imperial Age
RankedLock teamsTeams togetherTeam positionsShared explorationLock speedFull tech treeHidden civsTurbo modeCheats
Victory
Defeat
🇨🇳 Franks · China
1170
+11
🇺🇸 Malians · United States
1166
+12
🇨🇳 Huns · China
1136
+13
vs
🇧🇷 Britons · Brazil
1099
-13
🇧🇷 Sicilians · Brazil
1062
-12
🇧🇷 Varangians · Brazil
1040
-11
Enjoyablekandy
11:11 Feudal Age
14:47 Castle Age
13:22 Double-Bit Axe
15:45 Loom
15:45 Horse Collar
18:50 Pikeman
21:43 Squires
23:39 Scale Mail Armor
26:45 Wheelbarrow
32:43 Imperial Age
30:32 Hand Cart
31:40 Arson
32:42 Gold Mining
32:43 Stone Mining
35:06 Chain Mail Armor
35:01 Forging
35:21 Heavy Plow
35:10 Town Watch
36:31 Man-at-Arms
36:48 Elite Gbeto
37:48 Conscription
37:08 Capped Ram
37:23 Long Swordsman
39:26 Plate Mail Armor
39:32 Iron Casting
38:37 Two-Handed Swordsman
39:16 Champion
212727567
0:58 Loom
12:00 Feudal Age
16:00 Horse Collar
19:48 Castle Age
18:15 Double-Bit Axe
18:24 Gold Mining
18:57 Stone Mining
19:21 Forging
21:23 Town Watch
24:09 Bloodlines
24:35 Husbandry
26:24 Light Cavalry
28:00 Marauders
29:19 Wheelbarrow
29:22 Iron Casting
30:40 Scale Barding Armor
33:51 Chain Barding Armor
37:58 Imperial Age
35:43 Hand Cart
36:08 Bow Saw
36:39 Gold Shaft Mining
36:08 Heavy Plow
39:16 Conscription
星辰AGE
1:20 Loom
13:02 Feudal Age
17:12 Castle Age
15:26 Double-Bit Axe
18:50 Wheelbarrow
18:27 Bow Saw
25:24 Town Watch
28:39 Imperial Age
26:35 Pikeman
27:30 Forging
27:26 Scale Barding Armor
28:57 Hand Cart
28:53 Gold Mining
30:32 Conscription
30:11 Treadmill Crane
31:07 Ballistics
30:20 Cavalier
31:16 Light Cavalry
34:59 Iron Casting
34:30 Scale Mail Armor
37:49 Blast Furnace
38:04 Hoardings
39:51 Chemistry
39:09 Fortified Wall
39:40 Elite Throwing Axeman
41:19 Gold Shaft Mining
40:35 Stone Mining
41:46 Chain Barding Armor
Zulks
5:52 Loom
11:33 Feudal Age
18:04 Castle Age
16:24 Horse Collar
16:57 Double-Bit Axe
18:41 Scale Mail Armor
18:54 Forging
20:13 Bow Saw
21:21 Squires
23:46 Arson
25:09 Gambesons
25:48 Town Watch
30:18 Imperial Age
27:37 Man-at-Arms
29:00 Pikeman
29:38 Long Swordsman
30:45 Two-Handed Swordsman
33:29 Conscription
33:46 Halberdier
39:45 Wheelbarrow
¬koJ
11:47 Feudal Age
12:23 Double-Bit Axe
12:19 Horse Collar
16:33 Castle Age
15:08 Gold Mining
15:10 Stone Mining
15:44 Fletching
18:01 Bow Saw
21:30 Loom
22:13 Fervor
23:38 Wheelbarrow
24:23 Ballistics
25:06 Heavy Plow
28:07 Pikeman
29:23 Murder Holes
33:03 Town Watch
39:07 Hand Cart
Nebrown#1 JUGGERNAUT
8:55 Loom
11:11 Feudal Age
15:57 Castle Age
14:16 Horse Collar
14:24 Double-Bit Axe
15:16 Gold Mining
19:26 Heavy Plow
19:45 Bow Saw
20:55 Husbandry
22:16 Forging
25:57 Squires
25:42 Arson
26:47 Wheelbarrow
27:19 Scale Mail Armor
30:00 Imperial Age
28:00 Stone Mining
29:02 Chain Mail Armor
30:56 Fletching
31:43 Iron Casting
31:54 Bloodlines
32:50 Plate Mail Armor
33:11 Conscription
35:40 Blast Furnace
34:05 Gothikon
35:59 Hand Cart
36:09 Ballistics
36:00 Herbal Medicine
37:47 Crop Rotation
38:04 Bodkin Arrow
38:09 Padded Archer Armor
39:59 Chemistry
39:04 Elite Varangian Guard
Connection lost

Rejoining the realm…

Still unreachable

The connection could not be restored.

Session expired

The server has moved on; the page needs a fresh start.